 Dungeon Crawl Stone Soup version 0.24.0-2-g5b39cebb1c (webtiles) character file.

Game seed: 5917136446800782081, levelgen mode: deterministic

25347 mortelune the Grappler (level 13, -4/152 HPs)
             Began as a Naga Transmuter on Oct 29, 2019.
             Was a High Priest of Okawaru.
             Slain by a catoblepas (27 damage)
             ... on level 5 of the Lair of Beasts on Oct 30, 2019.
             The game lasted 01:18:02 (24940 turns).

mortelune the Grappler (Naga Transmuter)           Turns: 24940, Time: 01:18:03

Health: -4/152     AC:  9    Str: 14    XL:     13   Next: 19%
Magic:  27/30      EV: 12    Int: 16    God:    Okawaru [*****.]
Gold:   778        SH:  0    Dex: 13    Spells: 8/23 levels left

rFire    x . .     SeeInvis +     - Unarmed
rCold    + + +     Gourm    .   (shield currently unavailable)
rNeg     . . .     Faith    .   (armour currently unavailable)
rPois    +         Spirit   .   (helmet currently unavailable)
rElec    .         Reflect  .   (cloak currently unavailable)
rCorr    .         Harm     .   (gloves currently unavailable)
MR       +....                  (no barding)
Stlth    ++++......             (no amulet)
HPRegen  0.35/turn              A - +3 ring of protection
MPRegen  0.22/turn              K - ring of magical power

@: ice-form, drained
A: large, see invisible, slow metabolism 1, spit poison 1, AC +4
a: Spit Poison, End Transformation, Heroism, Finesse, Renounce Religion


You were on level 5 of the Lair of Beasts.
You worshipped Okawaru.
Okawaru was extremely pleased with you.
You were not hungry.
You were a creature of crystalline ice.
You visited 3 branches of the dungeon, and saw 17 of its levels.
You also visited: Sewer.

You collected 778 gold pieces.

Inventory:

Hand Weapons
 g - a +1 club
 l - a +0 war axe
 J - the +8 glaive "Tidenam" {protect, Int+2 Dex+6}
   (Okawaru gifted it to you on level 2 of the Lair of Beasts)

   It grants its wielder temporary protection when it strikes (+7 to AC).
   It affects your intelligence (+2).
   It affects your dexterity (+6).
Missiles
 c - 13 javelins
 s - 71 poisoned darts
 t - 315 stones (quivered)
 u - 102 arrows
 z - 5 atropa-tipped darts
Armour
 b - a +0 shield
 e - a +0 troll leather armour
 n - a +0 robe
 p - a +3 chain mail of fire resistance
 C - a +0 cloak (melded)
 H - the cursed +1 leather armour of Darkness (melded) {rCorr Int+8 Dex-2}
   (You found it on level 10 of the Dungeon)

   It affects your intelligence (+8).
   It affects your dexterity (-2).
   It provides partial protection from all sources of acid and corrosion.
   It has a curse placed upon it.
 V - the +0 hat of the Engineer (melded) {*Corrode rPois rC+ Regen+}
   (Okawaru gifted it to you on level 5 of the Lair of Beasts)

   It protects you from cold.
   It protects you from poison.
   It increases your rate of regeneration.
   It may corrode you when you take damage.
 X - a +1 robe of magic resistance
Magical Staves
 a - an uncursed staff of wizardry (melded)
Jewellery
 A - a +3 ring of protection (left front paw)
 K - a ring of magical power (right front paw)
Wands
 i - a wand of iceblast (14)
 w - a wand of random effects (13)
 L - a wand of flame (15)
 N - a wand of disintegration (19)
 S - a wand of paralysis (6)
 W - a wand of acid (5)
Scrolls
 f - a scroll of immolation
 k - 5 scrolls of teleportation
 m - 4 scrolls of enchant weapon
 o - 5 scrolls of remove curse
 r - 2 scrolls of fog
 x - 3 scrolls of amnesia
 y - 2 scrolls of noise
 E - a scroll of magic mapping
 P - a scroll of brand weapon {unknown}
 R - a scroll of torment {unknown}
Potions
 h - 3 potions of agility
 j - 3 potions of flight
 q - 4 potions of lignification
 v - 5 potions of curing
 B - a potion of haste
 D - 4 potions of mutation
 I - 2 potions of might {unknown}
 M - 3 potions of brilliance {unknown}
 O - a potion of resistance {unknown}
 Q - a potion of ambrosia {unknown}
 T - a potion of cancellation {unknown}
 U - a potion of heal wounds
Miscellaneous
 F - a box of beasts
 G - a lamp of fire
Comestibles
 d - 18 rations
 Y - 3 chunks of flesh


   Skills:
 + Level 11.6(10.8) Fighting
 - Level 5.0(4.3) Armour
 + Level 5.2(4.5) Dodging
 - Level 9.0(8.2) Stealth
 + Level 12.5(11.6) Unarmed Combat
 - Level 5.5(4.8) Spellcasting
 - Level 8.1(7.3) Transmutations


You had 8 spell levels left.
You knew the following spells:

 Your Spells              Type           Power        Failure   Level  Hunger
a - Beastly Appendage     Tmut           ####..       1%          1    None
b - Sticks to Snakes      Tmut           ####....     1%          2    ##.....
c - Spider Form           Tmut/Pois      ###.......   11%         3    ###....
d - Blade Hands           Tmut           ####......   22%         5    ######.
e - Ice Form              Ice/Tmut       ###.....     34%         4    ####...

Your spell library contained the following spells:

 Spells                   Type           Power        Failure   Level  Hunger
 Metabolic Englaciation   Hex/Ice        #.........   99%         5    ######.
 Bolt of Cold             Conj/Ice       #.........   100%        6    #######
 Freezing Cloud           Conj/Ice/Air   #.........   100%        6    #######
 Ozocubu's Refrigeration  Ice            #.........   100%        6    #######
 Simulacrum               Ice/Necr       #.........   100%        6    #######


Dungeon Overview and Level Annotations

Branches:
Dungeon (11/15)            Temple (1/1) D:6            Lair (5/6) D:8
  Swamp (0/4) Lair:3        Snake (0/4) Lair:3        Sewer (visited)
  Slime: Lair:5-6       Orc: D:9-12

Altars:
Ashenzari
Cheibriados
Dithmenos
Elyvilon
Fedhas
Gozag
Hepliaklqana
Kikubaaqudgha
Makhleb
Nemelex Xobeh
Okawaru
Qazlal
Ru
Sif Muna
Trog
Uskayaw
Vehumet
Wu Jian
Xom
Yredelemnul
Zin
The Shining One
Jiyva

Annotations:
D:4 1 runed translucent door, sking99's ghost, amateur BaEE
D:11 3 runed translucent doors, Zouniz Rihu's ghost, novice DDFi
Lair:2 3 runed translucent doors, Cato's ghost, journeyman DECj


Innate Abilities, Weirdness & Mutations

You cannot wear boots.
((Your serpentine skin is tough. (AC +4)))
You have supernaturally acute eyesight. (SInv)
((Armour fits poorly on your strangely shaped body.))
((Your system is resistant to poisons. (rPois)))
((You cover ground very slowly.))
You have a slow metabolism.
You can spit poison.
((You can use your snake-like lower body to constrict enemies.))


Message History

You barely miss the hell rat. You pummel the catoblepas!!
You freeze the catoblepas!
The catoblepas is moderately wounded.
You completely miss the catoblepas.
The catoblepas is moderately wounded.
The hell rat bites you but does no damage.
You pummel the catoblepas!! You freeze the catoblepas.
The catoblepas is severely wounded.
The catoblepas gores you!!
The hell rat bites you but does no damage.
You hit the catoblepas but do no damage.
The catoblepas is severely wounded.
The catoblepas breathes a plume of calcifying dust at you.
The blast of calcifying dust hits you. The hell rat closely misses you.
The catoblepas gores you!!
* * * LOW HITPOINT WARNING * * *
You punch the catoblepas! You freeze the catoblepas.
The catoblepas is almost dead.
The catoblepas gores you!!
You die...

.#P..##≈,≈≈≈.≈##.§#.P.....*,,,,,,
.#....#,,≈<≈..#...#.#.....**,,,,,
.#...##≈,≈≈≈,≈##...#.#...#*,,,,,,
....##≈,.....,≈##....P..##*,,,**,
....#,≈,,≈.≈,,≈,#........P,,,,,,,
....#,,≈≈#.#≈≈,,#..........,,,,,,
....#,,,##.##,,,#...........,,,,,
....#####...#####Y..........,,,,,
................Yr.......≈..,,,,,
.................§.......≈..,≈≈,,
...#.............§.....≈≈≈.$≈≈,,,
...##............#...≈≈....≈≈,,,,
...P......#..PP...#...≈≈.≈#≈≈,,,,
..........÷...#....#...≈≈≈≈≈≈,,,,
.............##..........≈≈≈,,,,,
#..#........................,,,≈,
#..............<............,,≈≈,


You could see a catoblepas and a hell rat.

Vanquished Creatures
  A hydra (Lair:2)
  A catoblepas (Lair:5)
  Erica (Lair:1)
  A centaur warrior (D:9)
  A manticore (Lair:5)
  5 elephants
  A black mamba (Lair:4)
  A gargoyle (D:11)
  6 spiny frogs
  3 rime drakes
  10 komodo dragons
  5 trolls
  A hornet (D:9)
  A tyrant leech (Lair:3)
  A polar bear (Lair:4)
  8 blink frogs
  5 hippogriffs
  A shadow (D:10)
  6 yaks
  3 wyverns
  6 wraiths (D:9)
  2 basilisks (Lair:1)
  Grum (D:8)
  A hungry ghost (D:9)
  Edmund (D:6)
  4 nagas (Lair:3)
  8 porcupines
  8 water moccasins
  3 orc warriors
  A black bear (D:8)
  3 phantoms
  6 ogres
  An eye of draining (D:9)
  7 wolves
  4 centaurs
  7 crocodiles
  3 big kobolds
  14 bullfrogs
  A wyvern zombie (D:10)
  5 scorpions
  A howler monkey (D:6)
  2 electric eels (Lair:2)
  2 crimson imps (D:10)
  2 bullfrog zombies
  6 orc priests
  A jelly (D:7)
  2 centaur skeletons
  4 hounds
  5 orc wizards
  3 iguanas
  5 hell rats (Lair:5)
  3 worker ants
  2 hound zombies
  2 hound skeletons
  A worker ant zombie (D:6)
  8 gnolls
  9 adders
  A river rat (Sewer)
  A shadow imp (D:9)
  An ooze (D:1)
  An adder zombie (D:5)
  A worm (D:4)
  2 dart slugs (D:1)
  3 leopard geckos
  42 orcs
  3 ball pythons
  7 giant cockroaches
  3 goblins
  5 hobgoblins
  10 jackals
  18 kobolds
  2 quokkas
  4 bats
  4 frilled lizards
  8 rats
322 creatures vanquished.

Vanquished Creatures (collateral kills)
  Urug (Lair:4)
  2 yaks (Lair:1)
  An ice beast (D:8)
  A jelly (D:5)
  An orc priest (D:9)
  A worker ant (D:5)
  A leopard gecko (D:1)
  2 hobgoblins
  2 jackals (D:1)
  A bat (D:1)
  2 kobolds
  2 rats (Sewer)
17 creatures vanquished.

Vanquished Creatures (others)
  A hobgoblin (D:1)
  15 fungi
  5 plants
  2 withered plants (D:4)
23 creatures vanquished.

Grand Total: 362 creatures vanquished

Notes
Turn   | Place    | Note
-------+----------+-------------------------------------------
     0 | D:1      | mortelune the Naga Transmuter began the quest for the Orb.
     0 | D:1      | Reached XP level 1. HP: 18/18 MP: 3/3
   479 | D:1      | Reached XP level 2. HP: 25/25 MP: 5/5
   554 | D:1      | You fall into a shaft and drop 1 floor!
   664 | D:1      | Learned a level 2 spell: Sticks to Snakes
  1427 | D:1      | Reached XP level 3. HP: 26/31 MP: 4/6
  1984 | D:2      | Found an iron altar of Okawaru.
  1984 | D:2      | Found a glowing silver altar of Zin.
  1984 | D:2      | Found a glowing golden altar of the Shining One.
  2022 | D:2      | Found a sacrificial altar of Ru.
  2197 | D:2      | Learned a level 3 spell: Spider Form
  2248 | D:2      | Found a blossoming altar of Fedhas.
  3100 | D:3      | Found a burning altar of Makhleb.
  3191 | D:3      | Reached XP level 4. HP: 38/38 MP: 3/7
  4118 | D:4      | Noticed an ogre
  4361 | D:4      | Reached XP level 5. HP: 44/44 MP: 4/8
  4380 | D:4      | Found a stormy altar of Qazlal.
  4790 | D:4      | Reached skill level 5 in Transmutations
  5108 | D:4      | Found a runed translucent door.
  5108 | D:4      | Noticed sking99's ghost (amateur BaEE)
  5367 | D:4      | Reached XP level 6. HP: 35/51 MP: 4/10
  5462 | D:4      | Learned a level 5 spell: Blade Hands
  5529 | D:4      | Noticed a phantom
  5609 | D:4      | Killed a phantom
  6219 | D:4      | Reached XP level 7. HP: 57/57 MP: 5/12
  6953 | D:5      | Entered Level 5 of the Dungeon
  7506 | D:5      | Reached skill level 4 in Unarmed Combat
  8080 | D:5      | Reached XP level 8. HP: 60/64 MP: 3/14
  8359 | D:5      | HP: 1/64 [centaur (4)]
  8830 | D:6      | Noticed Edmund
  8841 | D:6      | Killed Edmund
  9039 | D:6      | Reached skill level 5 in Unarmed Combat
  9047 | D:6      | Found a glowing drain.
  9087 | Sewer    | Entered a sewer
  9234 | Sewer    | Reached skill level 5 in Spellcasting
  9358 | Sewer    | Found a white marble altar of Elyvilon.
  9758 | D:6      | Found a staircase to the Ecumenical Temple.
  9769 | Temple   | Entered the Ecumenical Temple
 10003 | D:2      | Became a worshipper of Warmaster Okawaru
 10675 | D:6      | Reached skill level 6 in Unarmed Combat
 10675 | D:6      | Reached XP level 9. HP: 29/70 MP: 12/17
 11994 | D:6      | Noticed a rust devil
 11994 | D:6      | Noticed a rust devil
 12458 | D:7      | Found a white marble altar of Elyvilon.
 13218 | D:8      | Noticed a troll
 13521 | D:8      | Found an ornate altar of the Wu Jian Council.
 13521 | D:8      | Found a radiant altar of Vehumet.
 13569 | D:8      | Reached skill level 7 in Unarmed Combat
 13935 | D:8      | Reached * piety under Okawaru
 14037 | D:8      | Killed a troll
 14420 | D:8      | Found a staircase to the Lair.
 14577 | D:8      | Noticed Grum
 14581 | D:8      | Reached skill level 1 in Armour
 14581 | D:8      | Reached XP level 10. HP: 86/86 MP: 12/18
 14585 | D:8      | Killed Grum
 14836 | D:9      | Reached ** piety under Okawaru
 14838 | D:9      | Reached skill level 5 in Fighting
 14838 | D:9      | Reached skill level 8 in Unarmed Combat
 15178 | D:8      | Reached *** piety under Okawaru
 15326 | D:9      | Found the +5 scythe "Finisher" {speed, eviscerate}
 15355 | D:9      | Received a gift from Okawaru
 15491 | D:9      | Noticed a centaur warrior
 15498 | D:9      | Killed a centaur warrior
 15498 | D:9      | Reached XP level 11. HP: 60/100 MP: 11/19
 16011 | D:10     | Entered Level 10 of the Dungeon
 16143 | D:10     | Reached skill level 1 in Stealth
 16291 | D:10     | Reached skill level 5 in Armour
 16348 | D:10     | Got a shimmering leather armour
 16355 | D:10     | Identified the cursed +1 leather armour of Darkness {rCorr
                  | Int+8 Dex-2} (You found it on level 10 of the Dungeon)
 16379 | D:10     | Learned a level 4 spell: Ice Form
 16711 | D:11     | Reached skill level 9 in Unarmed Combat
 16938 | D:11     | Reached **** piety under Okawaru
 16948 | D:11     | Reached skill level 5 in Stealth
 16955 | D:11     | Found a runed translucent gate.
 17301 | D:11     | Found a runed translucent gate.
 17301 | D:11     | Found a runed translucent gate.
 17301 | D:11     | Noticed Zouniz Rihu's ghost (novice DDFi)
 18027 | D:11     | Got a jewelled war axe
 18028 | D:11     | Identified the +1 war axe of Compulsion {freeze, *Drain MR+
                  | Str+5 Int+2} (You found it on level 11 of the Dungeon)
 18160 | Lair:1   | Entered Level 1 of the Lair of Beasts
 18372 | Lair:1   | Reached ***** piety under Okawaru
 18784 | Lair:1   | Noticed Erica
 18929 | Lair:2   | Noticed a six-headed hydra
 19055 | Lair:2   | Killed a six-headed hydra
 19055 | Lair:2   | Received a gift from Okawaru
 19055 | Lair:2   | Reached skill level 10 in Unarmed Combat
 19058 | Lair:2   | Got a transparent glaive {god gift}
 19059 | Lair:2   | Identified the +8 glaive "Tidenam" {protect, Int+2 Dex+6}
                  | (Okawaru gifted it to you on level 2 of the Lair of Beasts)
 19536 | Lair:2   | Found a runed translucent gate.
 19536 | Lair:2   | Found a runed translucent gate.
 19536 | Lair:2   | Found a runed translucent gate.
 19540 | Lair:2   | Noticed Cato's ghost (journeyman DECj)
 19542 | Lair:2   | Found a viscous altar of Jiyva.
 19585 | Lair:2   | Reached XP level 12. HP: 112/112 MP: 20/20
 20686 | Lair:3   | Found a staircase to the Snake Pit.
 20899 | Lair:3   | Reached skill level 11 in Unarmed Combat
 20952 | Lair:3   | Found a staircase to the Swamp.
 20964 | Lair:3   | Reached skill level 10 in Fighting
 21554 | Lair:4   | Received a gift from Okawaru
 22291 | Lair:4   | Noticed Urug
 22308 | Lair:4   | Killed Urug
 22598 | Lair:4   | Reached skill level 12 in Unarmed Combat
 22604 | Lair:4   | HP: 5/144 [elephant (18)]
 23519 | Lair:5   | Received a gift from Okawaru
 23528 | Lair:5   | Got a pitted hat {god gift}
 23533 | Lair:5   | Gained mutation: You can use your snake-like lower body to
                  | constrict enemies. [Naga growth]
 23533 | Lair:5   | Reached XP level 13. HP: 108/127 MP: 21/21
 23659 | Lair:4   | Identified the +0 hat of the Engineer {*Corrode rPois rC+
                  | Regen+} (Okawaru gifted it to you on level 5 of the Lair of
                  | Beasts)
 24128 | Lair:1   | Killed Erica
 24776 | Lair:5   | Reached skill level 5 in Dodging
 24940 | Lair:5   | Slain by a catoblepas

Levels and vault maps discovered:
D:1:      ebering_hopf_link, layout_loops_cross
D:2:      layout_basic, gammafunk_temple_overflow_claw, fedhas_altar_1,
          nicolae_ru_great_annihilating_truth
D:3:      layout_loops_ring, lemuel_round_altar
D:4:      layout_layer_cave, kennysheep_mini, gammafunk_ghost_grave,
          first_ration
D:5:      layout_basic
D:6:      cheibrodos_iron_armory, layout_basic,
          minmay_temple_entry_antechambers, cheibrodos_sewer_entry_drain,
          minmay_misc_feat_cross, uniq_edmund
D:7:      layout_cave_pods, elyvilon_altar_1, grunt_ogre_cave
D:8:      layout_basic, gammafunk_temple_overflow_elements,
          grunt_lair_entry_orc_guard_hut, uniq_grum
D:9:      layout_gridville, minivault_20, minmay_guarded_unrand_finisher
D:10:     layout_loops_cross, wad_floor_pattern_untrapped
D:11:     layout_stronghold, gammafunk_ghost_necromancy
Temple:   minmay_temple_bridge_abc
Lair:1:   layout_small_grid, serial_bayou_pond_a, uniq_erica
Lair:2:   layout_concentric_octagons, gammafunk_ghost_ooze,
          guppyfry_lair_drakes, serial_bayou_shore_a, infiniplex_staircase_pool
Lair:3:   layout_regular_city, minmay_swamp_entry_worms,
          minmay_snake_entry_guardpost_small
Lair:4:   layout_long_grid, beast_lair_carwin_1, uniq_urug
Lair:5:   nzn_motion_control, layout_gridlike, serial_rivers,
          chequers_serial_rivers_small_a, chequers_serial_rivers_small_b,
          chequers_serial_rivers_large_b, chequers_serial_rivers_small_b,
          chequers_serial_rivers_marsh, chequers_serial_rivers_small_3,
          enter_volcano_2

Skill      XL: |  1  2  3  4  5  6  7  8  9 10 11 12 13 |
---------------+----------------------------------------+-----
Transmutations | 3 4 5 6 7 8 |  8.1
Spellcasting   | 3 4 5 |  5.5
Unarmed Combat | 4 6 7 8 10 12 | 12.5
Dodging        | 2 4 5 |  5.2
Fighting       | 4 7 8 11 | 11.6
Armour         | 1 4 5 |  5.0
Stealth        | 9 |  9.0

Action                   |  1- 3 |  4- 6 |  7- 9 | 10-12 | 13-15 || total
-------------------------+-------+-------+-------+-------+-------++-------
Melee: Unarmed           |    38 |    96 |   260 |   400 |    55 ||   849
       Headbutt          |     5 |       |     2 |       |       ||     7
       Club              |    92 |       |       |       |       ||    92
       Punch             |     1 |       |     3 |     9 |     1 ||    14
       War axe           |       |    22 |     2 |       |       ||    24
       Staff             |       |       |       |    11 |     2 ||    13
       Constrict         |       |       |       |       |     6 ||     6
Throw: Javelin           |       |    17 |     2 |       |       ||    19
       Stone             |       |       |    12 |     5 |       ||    17
 Cast: Beastly Appendage |    13 |     3 |     3 |       |       ||    19
       Sticks to Snakes  |     9 |    12 |    28 |    14 |     5 ||    68
       Spider Form       |     2 |    20 |     9 |     2 |     1 ||    34
       Blade Hands       |       |       |    44 |    56 |     7 ||   107
       Ice Form          |       |       |       |    21 |     3 ||    24
Invok: Heroism           |       |       |     2 |     9 |       ||    11
 Abil: Spit Poison       |    21 |     4 |    10 |     6 |       ||    41
  Use: Scroll            |     6 |     4 |     6 |     8 |     1 ||    25
       Potion            |       |     1 |     4 |     2 |       ||     7
 Stab: Paralysed         |     1 |       |       |       |       ||     1
       Distracted        |       |       |     2 |       |       ||     2
       Sleeping          |       |       |       |     3 |       ||     3
  Eat: Chunk             |     6 |     8 |    23 |    31 |     7 ||    75
       Ration            |       |     2 |     5 |     4 |       ||    11
Armor: Robe              |     2 |     5 |    36 |       |       ||    43
       Leather armour    |    50 |       |       |    76 |    29 ||   155
       Skin              |       |     5 |     3 |    23 |     6 ||    37
       Troll leather arm |       |       |     3 |    53 |       ||    56
Dodge: Dodged            |    98 |    75 |   163 |   219 |    41 ||   596
